 Dungeon Sprint DCSS version 0.29-a0-194-g6e3aafee17 (webtiles) character file.

Game seed: 2220369995112960443

8227 Zeldest the Blocker (level 11, -7/97 HPs)
             Began as a Formicid Fighter on Feb 22, 2022.
             Was the Champion of Makhleb.
             Killed from afar by a deep elf sorcerer (23 damage)
             ... with a bolt of acid
             ... in the Dungeon (Sprint V: "Ziggurat Sprint") on Feb 23, 2022.
             The game lasted 00:06:41 (321 turns).

Zeldest the Blocker (Formicid Fighter)               Turns: 321, Time: 00:06:42

Health: -7/97      AC: 23    Str: 31    XL:     11   Next: 51%
Magic:  17/21      EV:  2    Int:  4    God:    Makhleb [******]
Gold:   0          SH: 35    Dex: 10    Spells: 10/10 levels left

rFire   + . .      SeeInvis +   C - +5 executioner's axe (flame)
rCold   + . .      Faith    .   B - +18 shield of the Gong {rElec rN+ Will+ EV-5}
rNeg    + + +      Spirit   .   h - +5 gold dragon scales
rPois   +          Reflect  +   (helmet unavailable)
rElec   +          Harm     .   (no cloak)
rCorr   .          Rampage  .   (no gloves)
Will    ++...                   F - +2 pair of boots {Stlth+}
Stlth   ..........              H - amulet of reflection
HPRegen 0.26/turn               w - +6 ring of strength
MPRegen 0.17/turn               D - ring of Wisdom {Fly rElec rN++ Int-4 SInv}

@: corroded, flying
A: permanent stasis, dig shafts and tunnels, antennae 3, four strong arms
a: Dig, Renounce Religion, Minor Destruction, Lesser Servant of Makhleb, Major
Destruction, Greater Servant of Makhleb


You were in the Dungeon.
You worshipped Makhleb.
Makhleb was exalted by your worship.
You visited 1 branch

Inventory:

Hand Weapons
 a - a +0 war axe
 C - a +5 executioner's axe of flaming (weapon)
Armour
 b - a +0 scale mail
 c - a +0 buckler
 h - +5 gold dragon scales (worn)
 q - a +1 pair of boots of stealth
 B - the +18 shield of the Gong (worn) {rElec rN+ Will+ EV-5}
   (You found it in the Dungeon)

   It is deafeningly noisy when blocking attacks.
   EV:        It affects your evasion (-5).
   rElec:     It insulates you from electricity.
   rN:        It protects you from negative energy.
   Will:      It increases your willpower.
 F - a +2 pair of boots of stealth (worn)
Jewellery
 r - a ring of flight
 s - a +6 ring of dexterity
 t - a +6 ring of dexterity
 u - a +6 ring of intelligence
 v - a +6 ring of intelligence
 w - a +6 ring of strength (left hand)
 x - a +6 ring of strength
 D - the ring of Wisdom (right hand) {Fly rElec rN++ Int-4 SInv}
   (You found it in the Dungeon)

   [ring of flight]

   Int:       It affects your intelligence (-4).
   rElec:     It insulates you from electricity.
   rN:        It greatly protects you from negative energy.
   SInv:      It lets you see invisible.
   Fly:       It grants you flight.
 H - an amulet of reflection (around neck)
Wands
 y - a wand of mindburst (7)
 z - a wand of iceblast (7)
 A - a wand of acid (7)
Scrolls
 i - 4 scrolls of amnesia
 j - 7 scrolls of fog
 k - a scroll of holy word
 l - 5 scrolls of identify
 m - 2 scrolls of fear
Potions
 d - 4 potions of might
 e - 9 potions of curing
 f - 4 potions of heal wounds
 g - 7 potions of magic
 n - 2 potions of brilliance
 p - 4 potions of resistance
Miscellaneous
 o - a tin of tremorstones (2/2)
 E - a phantom mirror
 G - a condenser vane


   Skills:
 + Level 12.9 Fighting
 + Level 13.7 Axes
 + Level 12.9 Armour
 + Level 3.8 Dodging
 + Level 14.0 Shields
 + Level 13.5 Invocations
 + Level 5.9 Evocations


You had 10 spell levels left.
You didn't know any spells.
Your spell library contained the following spells:

 Spells                   Type           Power      Damage    Failure   Level
 Foxfire                  Conj/Fire      0%         2x1d4     100%        1
 Sandblast                Erth           0%         2d4       100%        1
 Shock                    Conj/Air       0%         1d3       100%        1
 Inner Flame              Hex/Fire       0%         N/A       100%        3
 Spider Form              Tmut/Pois      0%         N/A       100%        3
 Airstrike                Air            0%         N/A       100%        4
 Cause Fear               Hex            0%         N/A       100%        4
 Sticky Flame             Conj/Fire      0%         2d3       100%        4
 Lightning Bolt           Conj/Air       0%         1d11      100%        5
 Dragon Form              Tmut           0%         N/A       100%        7
 Storm Form               Tmut/Air       0%         N/A       100%        7
 Discord                  Hex            0%         N/A       100%        8
 Chain Lightning          Conj/Air       0%         N/A       100%        9
 Swiftness                Air            Unusable   N/A       N/A         3

Dungeon Overview and Level Annotations

Branches:
Dungeon (1/1)

Altars:
Ashenzari
Cheibriados
Dithmenos
Elyvilon
Fedhas
Gozag
Hepliaklqana
Kikubaaqudgha
Makhleb
Nemelex Xobeh
Okawaru
Qazlal
Ru
Sif Muna
Trog
Uskayaw
Vehumet
Wu Jian
Xom
Yredelemnul
Zin
The Shining One
Beogh
Jiyva
Lugonu

Annotations:
D 1 transporter


Innate Abilities, Weirdness & Mutations

You cannot be hasted, slowed, berserked, paralysed or teleported.
You can dig through walls and to a lower floor.
You have a pair of large antennae on your head. (SInv)
Your four strong arms can wield two-handed weapons with a shield.


Message History

The deep elf knight mumbles some strange words.
The deep elf knight flickers and vanishes for a moment.
The deep elf knight gestures at you while chanting.
The shard of ice reflects off an invisible shield around you!
GONNNNG!
The shard of ice hits the deep elf knight!!!
You kill the deep elf knight!
Makhleb accepts your kill.
You feel better. The fire elemental barely misses you.
Your Shields skill increases to level 14!
You closely miss the fire elemental.
The fire elemental is heavily damaged.
You slash the deep elf knight! You burn the deep elf knight.
You slash the deep elf sorcerer! You burn the deep elf sorcerer.
You slash the deep elf archer! You burn the deep elf archer.
You slash the deep elf zephyrmancer! You burn the deep elf zephyrmancer.
You block the deep elf knight's attack.
GONNNNG!
The deep elf sorcerer gestures at you while chanting.
The bolt of acid hits you! The acid corrodes you!
You block the deep elf zephyrmancer's attack.
GONNNNG!
You block the fire elemental's attack.
GONNNNG!
The deep elf knight gestures at you while chanting.
The lance of force hits you!!
* * * LOW HITPOINT WARNING * * *
You are knocked back by the lance of force.
You slam into the unnaturally hard rock wall!
* * * LOW HITPOINT WARNING * * *
You feel better.
The deep elf sorcerer gestures at you while chanting.
The sphere of damnation explodes!
The damnation engulfs you!
* * * LOW HITPOINT WARNING * * *
The deep elf archer gestures wildly while chanting.
The deep elf archer blinks!
The deep elf sorcerer becomes larger for a moment.
The deep elf sorcerer points at you and mumbles some strange words.
The bolt of acid hits you!!
You die... ▓...8©8...▓ {{{{{ ▓..))=?)..▓ {{{{{

▓...:)|)..▓
▓.........▓
▓.....e...▓
▓...).....▓
▓..§e.○...▓
▓.▓.eE..▓.▓
▓..@e©....▓
▓▓▓▓▓▓▓▓▓▓▓
{{{


{{{{{{{{{ {{{{{{{{{{{{{ {{{{{{{{{{{{{ You could see a deep elf sorcerer (fast),
a deep elf archer (repels missiles), a deep elf knight (fast, invisible), a deep
elf zephyrmancer and a fire elemental.

Vanquished Creatures
  A red draconian (D)
  A dancing weapon (D)
  A deep elf knight (D)
  A deep elf pyromancer (D)
  6 draconians (D)
  6 merfolk (D)
  4 wind drakes (D)
  Sigmund (D)
  5 air elementals (D)
  A necrophage (D)
  2 wolves (D)
  2 centaurs (D)
  2 phantoms (D)
  Blork the orc (D)
  2 wights (D)
  Crazy Yiuf (D)
  An iguana (D)
  Jessica (D)
  An adder skeleton (D)
  4 adder zombies (D)
  A bat zombie (D)
  A jackal (D)
  A ball python skeleton (D)
  A quokka skeleton (D)
48 creatures vanquished.

Notes
Turn   | Place    | Note
-------+----------+-------------------------------------------
     0 | D        | Zeldest the Formicid Fighter began the quest for the Orb.
     0 | D        | Reached XP level 1. HP: 18/18 MP: 1/1
    12 | D        | Found a blossoming altar of Fedhas.
    12 | D        | Found the +6 Majin-Bo {vamp, MP+6 Int+6}
    12 | D        | Found the +9 heavy crossbow "Sniper" {vorpal, Acc+∞ SInv}
    12 | D        | Found the +10 dark maul {vorpal}
    12 | D        | Found the +15 Maxwell's patent armour {-Cast -Tele rElec
                  | Will+ rCorr}
    12 | D        | Found the +18 shield of the Gong {rElec rN+ Will+ EV-5}
    12 | D        | Found the +14 obsidian axe {vorpal, Mesm Drain Fly SInv}
    12 | D        | Found the +7 great mace "Firestarter" {inner flame, rF++}
    12 | D        | Found the +6 shillelagh "Devastator" {shatter}
    12 | D        | Found the +11 plutonium sword {Contam Stlth-}
    12 | D        | Found the +8 lance "Wyrmbane" {slay drac, rPois rF+ rC+
                  | AC+3}
    12 | D        | Found the +9 sword of Zonguldrok {reap}
    12 | D        | Found the +13 scythe of Curses {drain, Drain}
    12 | D        | Found the +5 sword of Power {vorpal}
    12 | D        | Found the +7 mace of Variability {chain chaos}
    12 | D        | Found the +7 Singing Sword {vorpal, sonic wave}
    12 | D        | Found the +8 storm bow {elec, penet}
    13 | D        | Found a viscous altar of Jiyva.
    13 | D        | Found a hazy altar of Hepliaklqana.
    13 | D        | Found a transporter.
    13 | D        | Found an opulent altar of Gozag.
    13 | D        | Found an ancient bone altar of Kikubaaqudgha.
    13 | D        | Found a corrupted altar of Lugonu.
    16 | D        | Found a burning altar of Makhleb.
    17 | D        | Found a sacrificial altar of Ru.
    17 | D        | Found a shimmering blue altar of Sif Muna.
    17 | D        | Found a stormy altar of Qazlal.
    17 | D        | Found a bloodstained altar of Trog.
    17 | D        | Found an iron altar of Okawaru.
    17 | D        | Found a sparkling altar of Nemelex Xobeh.
    18 | D        | Banished a spatial maelstrom
    59 | D        | Reached XP level 2. HP: 24/24 MP: 2/2
    69 | D        | Became a worshipper of Makhleb the Destroyer
    76 | D        | Entered arena 2.
    76 | D        | Noticed a draconian
    76 | D        | Noticed a draconian
    76 | D        | Found a transporter.
    85 | D        | Killed a draconian
    86 | D        | Reached skill level 7 in Shields
    86 | D        | Reached XP level 3. HP: 35/35 MP: 2/7
    86 | D        | Reached XP level 4. HP: 41/41 MP: 2/8
    86 | D        | Reached XP level 5. HP: 47/47 MP: 2/9
    86 | D        | Reached XP level 6. HP: 53/53 MP: 2/10
    86 | D        | Reached XP level 7. HP: 59/59 MP: 2/11
    89 | D        | Killed a draconian
    90 | D        | Reached skill level 10 in Axes
    90 | D        | Reached skill level 8 in Shields
    90 | D        | Reached XP level 8. HP: 68/68 MP: 2/13
    95 | D        | Entered arena 3.
    95 | D        | Noticed a merfolk
    95 | D        | Noticed a merfolk
    95 | D        | Noticed a merfolk
    95 | D        | Found a transporter.
   101 | D        | Killed a merfolk
   101 | D        | Reached * piety under Makhleb
   102 | D        | Reached skill level 9 in Shields
   109 | D        | Killed a merfolk
   111 | D        | Entered arena 4.
   111 | D        | Found a transporter.
   117 | D        | Reached ** piety under Makhleb
   123 | D        | Reached skill level 10 in Shields
   133 | D        | Got the Papyrus of Dusty Transformation
   135 | D        | Entered arena 5.
   135 | D        | Noticed Sigmund
   135 | D        | Noticed Jessica
   135 | D        | Noticed Blork the orc
   135 | D        | Noticed Crazy Yiuf
   135 | D        | Found a transporter.
   139 | D        | Killed Jessica
   142 | D        | Killed Crazy Yiuf
   142 | D        | Reached *** piety under Makhleb
   147 | D        | Killed Sigmund
   147 | D        | Killed Blork the orc
   148 | D        | Reached XP level 9. HP: 61/77 MP: 12/16
   151 | D        | Got the ring of Wisdom {Fly rElec rN++ Int-4 SInv}
   157 | D        | Entered arena 6.
   157 | D        | Noticed a draconian
   157 | D        | Noticed a red draconian
   157 | D        | Noticed a draconian
   157 | D        | Noticed a draconian
   157 | D        | Noticed a draconian
   157 | D        | Found a transporter.
   165 | D        | Killed a draconian
   166 | D        | Reached skill level 10 in Fighting
   166 | D        | Reached skill level 10 in Armour
   166 | D        | Reached skill level 10 in Invocations
   168 | D        | Killed a draconian
   168 | D        | Reached **** piety under Makhleb
   169 | D        | Reached skill level 11 in Shields
   169 | D        | Killed a draconian
   171 | D        | Killed a draconian
   172 | D        | Reached skill level 12 in Shields
   172 | D        | Reached XP level 10. HP: 53/87 MP: 16/18
   177 | D        | Got Lehudib's Grimoire of Blows and Bruises and the Rocks
   182 | D        | Killed a red draconian
   188 | D        | Entered arena 7.
   189 | D        | Found a transporter.
   190 | D        | Reached ***** piety under Makhleb
   197 | D        | Reached skill level 1 in Evocations
   207 | D        | Entered arena 8.
   208 | D        | Found a transporter.
   228 | D        | Reached ****** piety under Makhleb
   233 | D        | Reached skill level 13 in Shields
   255 | D        | Entered arena 9.
   256 | D        | Found a transporter.
   282 | D        | Entered arena 10.
   283 | D        | Found a transporter.
   294 | D        | Reached skill level 1 in Dodging
   294 | D        | Reached XP level 11. HP: 53/95 MP: 20/20
   311 | D        | Entered arena 11.
   311 | D        | Noticed a deep elf pyromancer
   311 | D        | Noticed a deep elf zephyrmancer
   311 | D        | Noticed a deep elf knight
   311 | D        | Noticed a +2 antimagic flail
   311 | D        | Noticed a deep elf archer
   311 | D        | Noticed a deep elf knight
   311 | D        | Noticed a deep elf sorcerer
   312 | D        | Found a transporter.
   317 | D        | Killed a +2 antimagic flail
   318 | D        | Reached skill level 5 in Evocations
   319 | D        | Killed a deep elf pyromancer
   319 | D        | Killed a deep elf knight
   320 | D        | Reached skill level 14 in Shields
   321 | D        | Killed from afar by a deep elf sorcerer

Illustrated notes

Levels and vault maps discovered:
D:        sprint_v [room_start, room_1, room_2, room_3, room_4, room_5, room_6,
          room_7, room_8, room_9, room_10, room_11, room_12, room_13, room_14,
          room_15, room_16, room_17, room_18, room_19, room_20, room_21,
          room_22, room_23, room_24, room_25, room_26, room_27]

Skill      XL: |  1  2  3  4  5  6  7  8  9 10 11 |
---------------+----------------------------------+-----
Axes           | 7 9 10 11 12 13 | 13.7
Fighting       | 6 8 9 11 12 | 12.9
Armour         | 6 8 9 11 12 | 12.9
Shields        | 7 8 10 12 13 14 | 14.0
Invocations    | 6 7 9 11 12 13 | 13.5
Evocations     | 3 5 |  5.9
Dodging        | 1 3 |  3.8

Action                   |  1- 3 |  4- 6 |  7- 9 | 10-12 || total
-------------------------+-------+-------+-------+-------++-------
Melee: Executioner's axe |     6 |       |    44 |    59 ||   109
 Abil: Dig               |       |       |       |     1 ||     1
Evoke: Tin of tremorston |       |       |       |     1 ||     1
  Use: Potion            |     4 |       |     2 |     6 ||    12
       Scroll            |       |       |       |     2 ||     2
 Stab: Invisible         |       |       |     8 |     1 ||     9
       Held in net/web   |       |       |     1 |       ||     1
Armor: Gold dragon scale |       |       |    28 |   106 ||   134
Dodge: Dodged            |       |       |     1 |     6 ||     7
Block: Kite shield       |    15 |       |    80 |   168 ||   263
       Reflection        |       |       |       |     6 ||     6

Table legend: (Time is in decaauts)
 A = Elapsed time spent in this place.
 B = Non-inter-level travel time spent in this place.
 C = Inter-level travel time spent in this place.
 D = Time resting spent in this place.
 E = Time spent auto-exploring this place.
 F = Levels seen in this place.
 G = Mean time per level.
                   A        B        C        D        E       F      G
               +--------+--------+--------+--------+--------+-----+--------+
         Total |    362 |    362 |      0 |      0 |      0 |   1 |  362.0 |
       Dungeon |    362 |    362 |      0 |      0 |      0 |   1 |  362.0 |
               +--------+--------+--------+--------+--------+-----+--------+

Top non-repeatable levels by time:
       D: 362 daAuts
